Map: Catallena LE (Void)

Players

Rogue - Winner!

  • Race: Zerg Zerg
  • Spawn Location: 12:00

soO

  • Race: Zerg Zerg
  • Spawn Location: 9:00

Event: 2017 WCS Global Finals

VOD

Have the link to the VOD?

Description

Time

  • Played on: Nov. 4, 2017, 7:15 p.m.
  • Length: 4:03

All games in this series

Show
View Real Time Build Order
Export as new Build Order

Rogue Zerg - Winner!

Build Orders: Hatch First 

Get SALT Encoding   

  12  0:00  Drone  
  13  0:12  Overlord  
  13  0:17  Drone  
  14  0:31  Drone x2  
  14  0:34  Drone  
  17  0:52  Hatchery  
  17  0:55  Drone  
  17  0:58  Drone  
  18  1:09  Extractor  
  17  1:13  Spawning Pool  
  17  1:16  Drone  
  17  1:20  Drone  
  18  1:28  Drone  
  19  1:38  Overlord  
  19  2:00  Queen, Zergling x2  
  19  2:01  Zergling x2  
  23  2:03  Queen  
  23  2:04  Zergling x2  
  26  2:10  Metabolic Boost  
  26  2:11  Zergling x2  
  27  2:16  Zergling x2  
  27  2:22  Zergling x2  
  29  2:25  Zergling x2  
  30  2:33  Zergling x2  
  31  2:38  Zergling x2  
  32  2:46  Hatchery  
  32  2:49  Zergling x4  
  33  2:54  Zergling x2  
  34  3:01  Zergling x2  
  35  3:09  Zergling x2  
  36  3:18  Overlord  
  36  3:37  Zergling x14  
Show
View Real Time Build Order
Export as new Build Order

soO Zerg 

Build Orders: Hatch First 

Get SALT Encoding   

  12  0:00  Drone  
  13  0:12  Overlord  
  13  0:18  Drone  
  14  0:31  Drone x2  
  14  0:34  Drone  
  17  0:52  Hatchery  
  17  0:56  Drone  
  17  1:11  Spawning Pool  
  16  1:12  Drone  
  16  1:15  Drone  
  18  1:18  Extractor  
  18  1:20  Drone  
  18  1:28  Drone  
  19  1:39  Overlord  
  19  1:58  Queen, Zergling x2  
  22  2:03  Drone  
  22  2:04  Queen  
  22  2:05  Drone  
  26  2:11  Drone  
  26  2:15  Drone  
  28  2:24  Drone  
  28  2:25  Drone  
  30  2:36  Lair  
  30  2:39  Overlord  
  30  2:40  Queen  
  30  2:41  Drone  
  33  2:49  Drone x2  
  35  2:59  Drone x2  
  35  3:04  Evolution Chamber  
  35  3:05  Roach Warren, Drone  
  36  3:07  Overlord  
  36  3:24  Extractor, Drone  
  36  3:31  Evolution Chamber, Drone x4  
  39  3:44  Roach x2  
  39  3:45  Overlord  
Tags
 
Add a new tag
Caveats
  • Supply blocks, unpowered buildings, or Contaminate may cause inaccurate times.
  • Supply counts are checked every 10 seconds.